 Dungeon Crawl Stone Soup version 0.24.0-123-gd5b16e6ec5 (webtiles) character file.

Game seed: 13837198232126574901, levelgen mode: deterministic

3381 Emblim88 the Ruffian (level 9, -2/84 HPs)
             Began as a Troll Transmuter on Jan 4, 2020.
             Was a Believer of the Shining One.
             Slain by an orc knight
             ... wielding a +0 dire flail
              (19 damage)
             ... in a bailey.
             The game lasted 00:23:21 (7464 turns).

Emblim88 the Ruffian (Troll Transmuter)             Turns: 7464, Time: 00:23:21

Health: -2/84      AC:  9    Str: 25    XL:     9   Next: 74%
Magic:  10/13      EV: 11    Int: 17    God:    the Shining One [**....]
Gold:   344        SH:  7    Dex: 12    Spells: 5/14 levels left

rFire    . . .     SeeInvis .     - Unarmed
rCold    . . .     Gourm    +   (no shield)
rNeg     + . .     Faith    .   b - +0 robe
rPois    .         Spirit   .   K - +2 hat
rElec    .         Reflect  .   m - +0 cloak
rCorr    .         Harm     .   (gloves unavailable)
MR       .....     Clarity  +   (boots unavailable)
Stlth    +.........             (no amulet)
HPRegen  0.64/turn              I - +2 ring of dexterity
MPRegen  0.13/turn              e - +5 ring of intelligence

@: mighty, divine shield, glowing, lightly drained
A: large, unfitting armour, claws 3, clarity, fast metabolism 3, gourmand, sense
surroundings 1, regeneration 1, shaggy fur 1, tough skin 3, wild magic 1
a: Divine Shield, Renounce Religion


You were in a bailey.
You worshipped the Shining One.
The Shining One was pleased with you.
You were not hungry.

You visited 2 branches of the dungeon, and saw 9 of its levels.
You also visited: Bailey.

You collected 344 gold pieces.

Inventory:

Hand Weapons
 l - the +1 hand axe of the Grave {pain, rN+ Int+3, unknown}
   (You found it on level 8 of the Dungeon)

   In the hands of one skilled in necromantic magic, it inflicts extra damage on
   living creatures.
   It affects your intelligence (+3).
   It protects you from negative energy.
   The Shining One disapproves of the use of such an item.
Missiles
 a - 147 arrows
 n - 48 boomerangs
 t - 8 atropa-tipped darts (quivered)
 x - 40 poisoned darts
 O - 2 throwing nets
Armour
 b - a +0 robe (worn)
 m - a +0 cloak (worn)
 K - a +2 hat (worn)
Jewellery
 e - a +5 ring of intelligence (right claw)
 B - an uncursed amulet of regeneration
 D - an uncursed ring of poison resistance
 E - an uncursed ring of see invisible
 I - a +2 ring of dexterity (left claw)
Wands
 h - a wand of paralysis (4)
 q - a wand of disintegration (11)
 v - a wand of acid (6)
 C - a wand of digging (7)
 L - a wand of random effects (8)
Scrolls
 f - a scroll of enchant armour
 j - a scroll of fear
 p - 2 scrolls of enchant weapon
 r - 2 scrolls of teleportation
 s - 3 scrolls of noise
 w - 2 scrolls of remove curse
 y - a scroll of fog
Potions
 c - a potion of heal wounds
 g - a potion of agility {unknown}
 i - 2 potions of magic
 k - a potion of lignification
 o - 2 potions of curing
 z - 2 potions of mutation
 F - a potion of brilliance
 P - a potion of flight {unknown}
Comestibles
 d - 21 rations


   Skills:
 + Level 4.2(4.1) Fighting
 + Level 4.5(4.4) Dodging
 + Level 5.8(5.7) Unarmed Combat
 + Level 3.3(3.2) Spellcasting
 * Level 5.8(5.6) Transmutations
 + Level 2.9(2.7) Invocations
 + Level 3.2(3.0) Evocations


You had 5 spell levels left.
You knew the following spells:

 Your Spells              Type           Power        Failure   Level  Hunger
a - Beastly Appendage     Tmut           ####..       3%          1    None
b - Spider Form           Tmut/Pois      ###.......   22%         3    ###....
c - Blade Hands           Tmut           ####......   52%         5    ######.

Your spell library contained the following spells:

 Spells                   Type           Power        Failure   Level  Hunger
 Sticks to Snakes         Tmut           ####....     4%          2    ##.....
 Confusing Touch          Hex            #.....       24%         1    None
 Confuse                  Hex            #.......     54%         3    ###....
 Gell's Gravitas          Tloc           #.........   54%         3    ###....
 Ice Form                 Ice/Tmut       ###.....     56%         4    ####...
 Petrify                  Tmut/Erth      ###.....     56%         4    ####...
 Yara's Violent Unravell  Hex/Tmut       ###.......   88%         5    ######.
 Metabolic Englaciation   Hex/Ice        #.........   99%         5    ######.


Dungeon Overview and Level Annotations

Branches:
Dungeon (8/15)             Temple (1/1) D:4          Bailey (1/1)
   Lair: D:8-11

Altars:
Ashenzari
Cheibriados
Dithmenos
Elyvilon
Fedhas
Gozag
Hepliaklqana
Kikubaaqudgha
Makhleb
Nemelex Xobeh
Okawaru
Qazlal
Ru
Sif Muna
Trog
Uskayaw
Vehumet
Wu Jian
Xom
Yredelemnul
Zin
The Shining One

Annotations:
D:7 1 runed translucent door, Crazy Yiuf


Innate Abilities, Weirdness & Mutations

You are too large for most types of armour.
You have claws for hands.
Your metabolism is lightning-fast.
You like to eat raw meat.
Your natural rate of healing is unusually fast.
You are covered in fur. (AC +1)
You have extremely tough skin. (AC +3)
You possess an exceptional clarity of mind.
You passively map a small area around you.
Your spells are a little harder to cast, but a little more powerful.


Message History

The gnoll barely misses you.
Okay, then.
A divine shield forms around you!
You feel slightly more hungry.
The orc knight hits you with a +0 dire flail!!
You block the gnoll's attack.
You claw the orc knight!
The orc knight is lightly wounded.
The orc knight hits you with a +0 dire flail!
You scratch the orc knight but do no damage.
The orc knight is lightly wounded.
The gnoll closely misses you.
You barely miss the orc knight.
The orc knight is lightly wounded.
The orc knight hits you with a +0 dire flail!!
* * * LOW HITPOINT WARNING * * *
The gnoll barely misses you.
You claw the orc knight!
The orc knight is moderately wounded.
The orc knight hits you with a +0 dire flail!!
You die...

### ### #####
* *
#.###.###gg(#
* ∩
##'##'##o###(#
* ##....@##
#.. , *
###.....###*
K!..
#.'..⌠..'.#
,.⌠..' *
###)....###*
..!.# ##)....#
**, ...#
##†##'##'#*
**'##' *
#)###.# #.# *,
#†# ### *####
### ###
#)###.#
#.#)###.###.#


You could see an orc knight and 2 gnolls.

Vanquished Creatures
  Pikel (D:4)
  Grinder (D:6)
  A hippogriff (D:7)
  Menkaure (D:7)
  3 sky beasts
  3 slaves (D:4)
  An ice beast (D:8)
  3 ogres
  3 centaurs
  6 bullfrogs
  A water moccasin zombie (D:7)
  5 wights (D:7)
  A howler monkey (D:5)
  5 crimson imps
  A centaur zombie (D:5)
  A hound (D:5)
  A jelly (D:5)
  A quasit (D:7)
  An orc priest (D:3)
  An iguana (D:5)
  An orc wizard (D:3)
  3 worker ants
  A hound zombie (D:7)
  A howler monkey skeleton (D:4)
  20 gnolls
  9 adders
  A shadow imp (D:8)
  An ooze (D:3)
  An adder zombie (D:6)
  5 worms
  2 dart slugs
  9 leopard geckos
  23 orcs
  3 giant cockroaches
  8 goblins
  29 hobgoblins
  3 jackals (D:2)
  4 quokkas
  5 bats (D:1)
  A jackal skeleton (D:5)
  12 kobolds
  A leopard gecko zombie (D:5)
  3 rats
187 creatures vanquished.

Vanquished Creatures (others)
  3 orcs (D:4)
3 creatures vanquished.

Grand Total: 190 creatures vanquished

Notes
Turn   | Place    | Note
-------+----------+-------------------------------------------
     0 | D:1      | Emblim88 the Troll Transmuter began the quest for the Orb.
     0 | D:1      | Reached XP level 1. HP: 18/18 MP: 1/1
   352 | D:1      | Reached XP level 2. HP: 10/26 MP: 2/2
   674 | D:2      | Reached skill level 1 in Fighting
   675 | D:2      | Noticed a bullfrog
   694 | D:2      | Killed a bullfrog
   694 | D:2      | Reached XP level 3. HP: 12/33 MP: 4/4
   694 | D:2      | Reached XP level 4. HP: 16/41 MP: 5/5
  1470 | D:2      | Learned a level 3 spell: Spider Form
  1655 | D:3      | Reached XP level 5. HP: 46/49 MP: 6/6
  2239 | D:3      | Reached XP level 6. HP: 56/57 MP: 7/7
  2408 | D:4      | Noticed a slave
  2409 | D:4      | Noticed a slave
  2409 | D:4      | Noticed a slave
  2409 | D:4      | Noticed Pikel
  2430 | D:4      | Killed a slave
  2436 | D:4      | Killed a slave
  2460 | D:4      | Killed a slave
  2475 | D:4      | Noticed a slave
  2510 | D:4      | Killed Pikel
  2510 | D:4      | Reached skill level 1 in Evocations
  2510 | D:4      | Reached XP level 7. HP: 24/66 MP: 9/9
  2701 | D:4      | Got a twisted mace
  3024 | D:4      | Found a staircase to the Ecumenical Temple.
  3061 | Temple   | Entered the Ecumenical Temple
  3149 | Temple   | Became a worshipper of the Shining One
  3619 | D:4      | Identified the +5 mace of Giuntiut {freeze, rF+ rC++ Dex-5}
                  | (You found it on level 4 of the Dungeon)
  3628 | D:4      | Gained mutation: You possess an exceptional clarity of
                  | mind. [potion of mutation]
  3628 | D:4      | Gained mutation: Your spells are a little harder to cast,
                  | but a little more powerful. [potion of mutation]
  3628 | D:4      | Gained mutation: You passively map a small area around you.
                  | [potion of mutation]
  3631 | D:5      | Entered Level 5 of the Dungeon
  3656 | D:5      | Found a shattered altar of Ashenzari.
  3718 | D:5      | Reached XP level 8. HP: 46/74 MP: 10/10
  3896 | D:5      | Found a snail-covered altar of Cheibriados.
  4017 | D:5      | Reached * piety under the Shining One
  4205 | D:5      | Learned a level 5 spell: Blade Hands
  5206 | D:6      | Noticed Grinder
  5216 | D:6      | Killed Grinder
  5249 | D:6      | Reached skill level 1 in Invocations
  5310 | D:6      | Reached skill level 5 in Unarmed Combat
  5502 | D:6      | Found a blossoming altar of Fedhas.
  6158 | D:7      | Reached skill level 5 in Transmutations
  6188 | D:7      | Reached XP level 9. HP: 67/83 MP: 12/12
  6295 | D:7      | Got a shimmering chain mail
  6300 | D:7      | Noticed Menkaure
  6307 | D:7      | Killed Menkaure
  6599 | D:7      | Found a runed translucent door.
  6600 | D:7      | Noticed Crazy Yiuf
  7226 | D:8      | Found a flagged portal.
  7232 | D:8      | Reached ** piety under the Shining One
  7235 | D:8      | Got an ebony hand axe
  7238 | Bailey   | Entered a bailey
  7450 | Bailey   | Noticed an orc knight
  7464 | Bailey   | Slain by an orc knight

Levels and vault maps discovered:
D:1:      minmay_arrival_loop, layout_basic
D:2:      layout_basic, minmay_misc_feat_x, minivault_25
D:3:      layout_basic, first_ration, grunt_ministairs_1
D:4:      corexii_shantytown, layout_basic, minmay_temple_entry_hall, uniq_pikel
D:5:      layout_rooms, cheibrodos_ashenzari_chains, minmay_misc_feat_chi,
          kennysheep_slug_shrine
D:6:      layout_cave_pods, fedhas_ov_isle_minmay, uniq_grinder
D:7:      layout_cave_pools, grunt_ogre_cave, uniq_crazy_yiuf_cottage,
          uniq_menkaure
D:8:      layout_basic, basic_altar, enter_bailey_2
Temple:   grunt_wide_crystal_templ
Bailey:   bailey_axe_2, bailey

Skill      XL: |  1  2  3  4  5  6  7  8  9 |
---------------+----------------------------+-----
Fighting       | 1 2 3 4 |  4.2
Dodging        | 2 3 4 |  4.5
Transmutations | 2 3 4 5 |  5.8
Unarmed Combat | 4 5 |  5.8
Spellcasting   | 2 3 |  3.3
Evocations     | 1 2 3 |  3.2
Invocations    | 1 2 |  2.9

Action                   |  1- 3 |  4- 6 |  7- 9 || total
-------------------------+-------+-------+-------++-------
Melee: Unarmed           |    50 |   151 |   390 ||   591
       Punch             |     1 |     4 |    13 ||    18
       Headbutt          |       |       |     1 ||     1
 Cast: Beastly Appendage |       |       |     2 ||     2
Invok: Divine Shield     |       |       |     1 ||     1
  Use: Potion            |       |     1 |     8 ||     9
       Scroll            |       |       |    14 ||    14
 Stab: Sleeping          |       |       |     1 ||     1
  Eat: Chunk             |     4 |    18 |    37 ||    59
       Ration            |       |       |     3 ||     3
Armor: Robe              |    29 |    42 |   148 ||   219
Dodge: Dodged            |    33 |    54 |   223 ||   310
Block: Other             |       |       |     1 ||     1
